 Dungeon Crawl Stone Soup version 0.26-a0-1129-gc5df7fbe6a (webtiles) character file.

Game seed: 1858589668011767805

1195 hehateme the Fighter (level 8, -3/78 HPs)
             Began as a Gnoll Wanderer on Dec 19, 2020.
             Slain by a killer bee (7 damage)
             ... on level 5 of the Dungeon.
             The game lasted 00:16:35 (8872 turns).

hehateme the Fighter (Gnoll Wanderer)               Turns: 8872, Time: 00:16:36

Health: -3/78      AC:  2    Str: 15    XL:     8   Next: 44%
Magic:  12/12      EV: 16    Int: 14    God:
Gold:   390        SH:  0    Dex: 17    Spells: 13/13 levels left

rFire    . . .     SeeInvis .   a - +3 spear
rCold    . . .     Faith    .   (no shield)
rNeg     . . .     Spirit   .   c - +0 robe
rPois    .         Reflect  .   (no helmet)
rElec    .         Harm     .   (no cloak)
rCorr    .         Rampage  .   (no gloves)
Will     .....                  (no boots)
Stlth    +++.......             (no amulet)
HPRegen  0.23/turn              (no ring)
MPRegen  0.13/turn              (no ring)

@: lethally poisoned (-3 -> -6), about to teleport
A: distributed training, fangs 1, strong nose
a: no special abilities


You were on level 5 of the Dungeon.
You visited 1 branch of the dungeon, and saw 6 of its levels.

You collected 390 gold pieces.

Inventory:

Hand Weapons
 a - a +3 spear (weapon)
Missiles
 d - 45 sling bullets
 o - 100 stones (quivered)
 q - 48 bolts
 v - 3 boomerangs
 w - a silver boomerang
 Q - 47 arrows
Armour
 c - a +0 robe (worn)
 A - a +1 cloak
Jewellery
 y - an uncursed ring of protection from fire {unknown}
 z - an uncursed ring of magical power {unknown}
Wands
 u - a wand of enslavement (7)
Scrolls
 e - 4 scrolls of enchant weapon
 f - 9 scrolls of identify {unknown}
 h - 4 scrolls of remove curse {unknown}
 i - a scroll of blinking {unknown}
 j - 2 scrolls of enchant armour
 l - a scroll of noise {unknown}
 m - a scroll of magic mapping {unknown}
 n - a scroll of fear {unknown}
 t - 2 scrolls of teleportation
Potions
 g - a potion of flight {unknown}
 k - a potion of resistance {unknown}
 p - 2 potions of might {unknown}
 r - 2 potions of heal wounds {unknown}
 s - 2 potions of degeneration {unknown}
 x - a potion of mutation {unknown}
 B - a potion of attraction {unknown}


   Skills:
 + Level 12.4 Fighting
 + Level 3.2 Short Blades
 + Level 3.2 Long Blades
 + Level 3.2 Axes
 + Level 3.2 Maces & Flails
 + Level 3.2 Polearms
 + Level 3.2 Staves
 + Level 3.2 Slings
 + Level 3.2 Bows
 + Level 3.2 Crossbows
 + Level 3.2 Throwing
 + Level 3.2 Armour
 + Level 5.7 Dodging
 + Level 4.1 Stealth
 + Level 4.2 Shields
 + Level 3.2 Unarmed Combat
 + Level 3.2 Spellcasting
 + Level 2.6 Conjurations
 + Level 2.6 Hexes
 + Level 2.6 Summonings
 + Level 2.6 Necromancy
 + Level 2.6 Translocations
 + Level 2.6 Transmutations
 + Level 2.6 Fire Magic
 + Level 2.6 Ice Magic
 + Level 2.6 Air Magic
 + Level 2.6 Earth Magic
 + Level 2.6 Poison Magic
 + Level 3.6 Invocations
 + Level 3.2 Evocations


You had 13 spell levels left.
You didn't know any spells.
Your spell library contained the following spells:

 Spells                   Type           Power        Failure   Level
 Magic Dart               Conj           36%          7%          1
 Searing Ray              Conj           18%          11%         2
 Dazzling Flash           Conj/Hex       18%          22%         3
 Fulminant Prism          Conj/Hex       4%           56%         4
 Iskenderun's Mystic Bla  Conj/Tloc      9%           56%         4


Dungeon Overview and Level Annotations

Branches:
Dungeon (6/15)
 Temple: D:4-7

Altars:
Hepliaklqana
Trog
Yredelemnul
Zin

Annotations:
D:4 Menkaure
D:6 1 runed translucent door, Crazy Yiuf


Innate Abilities, Weirdness & Mutations

Your experience applies equally to all skills.
You have very sharp teeth.
Your uncanny sense of smell can sniff out nearby items.


Message History

You regained 5 hp, and now have 22/78 hp.
As you read the scroll of teleportation, it crumbles to dust.
You feel strangely unstable. The killer bee barely misses you.
The killer bee closely misses you. The killer bee stings you.
* * * LOW HITPOINT WARNING * * *
You are poisoned.
The killer bee poisons you! The killer bee misses you.
The killer bee closely misses you. x2
You take 4 damage, and have 18/78 hp.
You feel sick. The killer bee closely misses you. The killer bee stings you.
* * * LOW HITPOINT WARNING * * *
You take 5 damage, and have 13/78 hp.
You feel sick. The killer bee stings you!
* * * LOW HITPOINT WARNING * * *
The killer bee stings you.
* * * LOW HITPOINT WARNING * * *
You take 10 damage, and have 3/78 hp.
The killer bee stings you!
You die...

.. ###. #.......##..# #.##
....#.. ##...###..#... ...#
#....# #....# ##..... #.
#....# #...<# ##...# .#
##....## #....####..#.# ...
.......###.....#...##.. .#
##...............####.
..##.......##..###.## #.
#.......@..##.. #..# ##
#....###.y..#.# ##.## # ...
#yy..#.# #..# ## .
#y...#.## ##.###.
#..#.....## #....#
............####....#
≈≈≈≈.............[......#
≈≈≈≈≈≈...(...............#
.≈≈≈≈≈≈.............>.###..

Skill      XL: |  1  2  3  4  5  6  7  8 |
---------------+-------------------------+-----
Fighting       | | 12.4
Invocations    | 1 2 3 |  3.6
Short Blades   | 1 2 3 |  3.2
Long Blades    | 1 2 3 |  3.2
Axes           | 1 2 3 |  3.2
Maces & Flails | 1 2 3 |  3.2
Polearms       | 1 2 3 |  3.2
Staves         | 1 2 3 |  3.2
Slings         | 1 2 3 |  3.2
Bows           | 1 2 3 |  3.2
Crossbows      | 1 2 3 |  3.2
Throwing       | 1 2 3 |  3.2
Armour         | 1 2 3 |  3.2
Unarmed Combat | 1 2 3 |  3.2
Spellcasting   | 1 2 3 |  3.2
Evocations     | 1 2 3 |  3.2
Conjurations   | 1 2 |  2.6
Hexes          | 1 2 |  2.6
Summonings     | 1 2 |  2.6
Necromancy     | 1 2 |  2.6
Translocations | 1 2 |  2.6
Transmutations | 1 2 |  2.6
Fire Magic     | 1 2 |  2.6
Ice Magic      | 1 2 |  2.6
Air Magic      | 1 2 |  2.6
Earth Magic    | 1 2 |  2.6
Poison Magic   | 1 2 |  2.6
Shields        | 3 4 |  4.2
Stealth        | 3 4 |  4.1
Dodging        | 5 |  5.7

Notes
Turn   | Place    | Note
-------+----------+-------------------------------------------
     0 | D:1      | Reached skill level 12 in Fighting
     0 | D:1      | hehateme the Gnoll Wanderer began the quest for the Orb.
     0 | D:1      | hehateme set off with the following items: a +2 spear, 2
                  | potions of curing, a +0 robe
     0 | D:1      | Reached XP level 1. HP: 31/31 MP: 1/1
    76 | D:1      | Reached XP level 2. HP: 38/38 MP: 2/2
   401 | D:1      | Reached XP level 3. HP: 44/44 MP: 3/3
   717 | D:1      | Reached skill level 1 in Invocations
  1145 | D:2      | Reached skill level 1 in Short Blades
  1145 | D:2      | Reached skill level 1 in Long Blades
  1145 | D:2      | Reached skill level 1 in Axes
  1145 | D:2      | Reached skill level 1 in Maces & Flails
  1145 | D:2      | Reached skill level 1 in Polearms
  1145 | D:2      | Reached skill level 1 in Staves
  1145 | D:2      | Reached skill level 1 in Slings
  1145 | D:2      | Reached skill level 1 in Bows
  1145 | D:2      | Reached skill level 1 in Crossbows
  1145 | D:2      | Reached skill level 1 in Throwing
  1145 | D:2      | Reached skill level 1 in Armour
  1145 | D:2      | Reached skill level 1 in Unarmed Combat
  1145 | D:2      | Reached skill level 1 in Spellcasting
  1145 | D:2      | Reached skill level 1 in Evocations
  1547 | D:2      | Reached XP level 4. HP: 49/51 MP: 5/5
  1692 | D:2      | Found a glowing silver altar of Zin.
  2082 | D:3      | Reached skill level 1 in Conjurations
  2082 | D:3      | Reached skill level 1 in Hexes
  2082 | D:3      | Reached skill level 1 in Summonings
  2082 | D:3      | Reached skill level 1 in Necromancy
  2082 | D:3      | Reached skill level 1 in Translocations
  2082 | D:3      | Reached skill level 1 in Transmutations
  2082 | D:3      | Reached skill level 1 in Fire Magic
  2082 | D:3      | Reached skill level 1 in Ice Magic
  2082 | D:3      | Reached skill level 1 in Air Magic
  2082 | D:3      | Reached skill level 1 in Earth Magic
  2082 | D:3      | Reached skill level 1 in Poison Magic
  2312 | D:3      | Reached XP level 5. HP: 48/57 MP: 6/6
  2557 | D:3      | Found a basalt altar of Yredelemnul.
  3087 | D:3      | Reached skill level 3 in Shields
  3487 | D:4      | HP: 12/57 [orc priest/divine providence (10)]
  3945 | D:4      | Reached XP level 6. HP: 52/64 MP: 8/8
  3964 | D:4      | Reached skill level 2 in Invocations
  4008 | D:4      | Reached skill level 3 in Stealth
  4161 | D:4      | Reached skill level 2 in Short Blades
  4161 | D:4      | Reached skill level 2 in Long Blades
  4161 | D:4      | Reached skill level 2 in Axes
  4161 | D:4      | Reached skill level 2 in Maces & Flails
  4161 | D:4      | Reached skill level 2 in Polearms
  4161 | D:4      | Reached skill level 2 in Staves
  4161 | D:4      | Reached skill level 2 in Slings
  4161 | D:4      | Reached skill level 2 in Bows
  4161 | D:4      | Reached skill level 2 in Crossbows
  4161 | D:4      | Reached skill level 2 in Throwing
  4161 | D:4      | Reached skill level 2 in Armour
  4161 | D:4      | Reached skill level 5 in Dodging
  4161 | D:4      | Reached skill level 2 in Unarmed Combat
  4161 | D:4      | Reached skill level 2 in Spellcasting
  4161 | D:4      | Reached skill level 2 in Evocations
  4450 | D:3      | HP: 11/64 [orc wizard/puff of flame (13)]
  4895 | D:4      | Noticed Menkaure
  5196 | D:4      | Found a bloodstained altar of Trog.
  5713 | D:4      | Reached XP level 7. HP: 70/70 MP: 10/10
  6294 | D:4      | Reached skill level 2 in Conjurations
  6294 | D:4      | Reached skill level 2 in Hexes
  6294 | D:4      | Reached skill level 2 in Summonings
  6294 | D:4      | Reached skill level 2 in Necromancy
  6294 | D:4      | Reached skill level 2 in Translocations
  6294 | D:4      | Reached skill level 2 in Transmutations
  6294 | D:4      | Reached skill level 2 in Fire Magic
  6294 | D:4      | Reached skill level 2 in Ice Magic
  6294 | D:4      | Reached skill level 2 in Air Magic
  6294 | D:4      | Reached skill level 2 in Earth Magic
  6294 | D:4      | Reached skill level 2 in Poison Magic
  6654 | D:5      | Entered Level 5 of the Dungeon
  6693 | D:5      | Found a hazy altar of Hepliaklqana.
  7792 | D:6      | Reached skill level 3 in Invocations
  8022 | D:6      | Reached XP level 8. HP: 75/77 MP: 12/12
  8049 | D:6      | Reached skill level 3 in Short Blades
  8049 | D:6      | Reached skill level 3 in Long Blades
  8049 | D:6      | Reached skill level 3 in Axes
  8049 | D:6      | Reached skill level 3 in Maces & Flails
  8049 | D:6      | Reached skill level 3 in Polearms
  8049 | D:6      | Reached skill level 3 in Staves
  8049 | D:6      | Reached skill level 3 in Slings
  8049 | D:6      | Reached skill level 3 in Bows
  8049 | D:6      | Reached skill level 3 in Crossbows
  8049 | D:6      | Reached skill level 3 in Throwing
  8049 | D:6      | Reached skill level 3 in Armour
  8049 | D:6      | Reached skill level 4 in Shields
  8049 | D:6      | Reached skill level 3 in Unarmed Combat
  8049 | D:6      | Reached skill level 3 in Spellcasting
  8049 | D:6      | Reached skill level 3 in Evocations
  8180 | D:6      | Found a runed translucent door.
  8181 | D:6      | Noticed Crazy Yiuf
  8524 | D:6      | Reached skill level 4 in Stealth
  8867 | D:5      | HP: 17/78 [killer bee (9)]
  8871 | D:5      | HP: 4/78 [killer bee (8)]
  8872 | D:5      | Slain by a killer bee

Table legend: (Time is in decaauts)
 A = Elapsed time spent in this place.
 B = Non-inter-level travel time spent in this place.
 C = Inter-level travel time spent in this place.
 D = Time resting spent in this place.
 E = Time spent auto-exploring this place.
 F = Levels seen in this place.
 G = Mean time per level.
                   A        B        C        D        E       F      G
               +--------+--------+--------+--------+--------+-----+--------+
         Total |   8902 |   8570 |    332 |   2123 |   5007 |   6 | 1483.7 |
       Dungeon |   8902 |   8570 |    332 |   2123 |   5007 |   6 | 1483.7 |
               +--------+--------+--------+--------+--------+-----+--------+

Top non-repeatable levels by time:
     D:3: 3081 daAuts
     D:4: 1352 daAuts
     D:5: 1267 daAuts
     D:1: 1142 daAuts
     D:2: 1114 daAuts
     D:6: 942 daAuts

Table legend:
 A = Kills in this place as a percentage of kills in entire the game.
 B = Kills by you in this place as a percentage of kills by you in the entire game.
 C = Kills by friends in this place as a percentage of kills by friends in the entire game.
 D = Other kills in this place as a percentage of other kills in the entire game.
 E = Experience gained in this place as a percentage of experience gained in the entire game.
 F = Experience gained in this place divided by the number of levels of this place that you have seen.
                   A       B       C       D       E      F
               +-------+-------+-------+-------+-------+----------------------
         Total | 100.0 | 100.0 |   N/A |   N/A | 100.0 | 284.7
       Dungeon | 100.0 | 100.0 |   N/A |   N/A | 100.0 | 284.7
               +-------+-------+-------+-------+-------+----------------------

Action                   |  1- 3 |  4- 6 |  7- 9 || total
-------------------------+-------+-------+-------++-------
Melee: Spear             |    99 |   245 |   213 ||   557
       Bite              |     6 |    19 |    34 ||    59
       Punch             |       |     2 |     1 ||     3
Throw: Stone             |    94 |   134 |    75 ||   303
  Use: Potion            |       |     1 |     1 ||     2
       Scroll            |       |       |     5 ||     5
 Stab: Sleeping          |     1 |     3 |     3 ||     7
Armor: Robe              |     9 |    20 |     9 ||    38
Dodge: Dodged            |    48 |   166 |   172 ||   386

Vanquished Creatures
  2 bullfrogs (D:6)
  A water moccasin zombie (D:6)
  3 scorpions
  A killer bee (D:5)
  A bullfrog zombie (D:6)
  A hound (D:5)
  A jelly (D:6)
  A centaur skeleton (D:5)
  2 orc priests (D:4)
  A bullfrog skeleton (D:5)
  3 iguanas
  7 orc wizards
  4 worker ants
  A worker ant zombie (D:5)
  8 adders
  An ufetubus (D:5)
  2 worms
  An adder skeleton (D:5)
  4 dart slugs
  6 leopard geckos
  22 orcs
  2 ball pythons
  6 bats
  2 giant cockroaches
  2 gnoll zombies (D:3)
  6 goblins
  17 hobgoblins
  3 jackals (D:3)
  8 kobolds
  6 quokkas
  10 frilled lizards
  A jackal skeleton (D:6)
  A quokka zombie (D:5)
  13 rats
150 creatures vanquished. You could see 4 killer bees.

Levels and vault maps discovered:
D:1:      dpeg_arrival_stone_temple_mockup, layout_basic, st_stairs_3,
          minmay_tiny_reverse_x
D:2:      layout_basic, marbit_many_paths
D:3:      layout_rooms, lemuel_zombie_altar_yredelemnul
D:4:      layout_cave_pools, general_overflow_altar, uniq_menkaure
D:5:      layout_layer_cave, nicolae_overflow_crystal_walls, temple_pool_b
D:6:      layout_loops_corners, nzn_random_ring, uniq_crazy_yiuf_cottage
